 Dungeon Crawl Stone Soup version 0.28-a0-563-gf77a47075d (webtiles) character file.

Game seed: 5305458005823473909

29 miscthings the Firebug (level 3, -2/19 HPs)
             Began as a Vine Stalker Cinder Acolyte on Sept 30, 2021.
             Was a High Priest of Ignis.
             Slain by a phantom (8 damage)
             ... on level 2 of the Dungeon.
             The game lasted 00:01:03 (894 turns).

miscthings the Firebug (Vine Stalker Cinder Acolyte) Turns: 894, Time: 00:01:04

Health: -2/19      AC:  2    Str: 16    XL:     3   Next: 16%
Magic:  0/7        EV: 11    Int: 14    God:    Ignis [*****.]
Gold:   47         SH:  0    Dex: 10    Spells: 4/6 levels left

rFire   + . .      SeeInvis .   a - -1 mace (flame)
rCold   . . .      Faith    .   (no shield)
rNeg    . . .      Spirit   +   b - +0 robe
rPois   .          Reflect  .   (no helmet)
rElec   .          Harm     .   (no cloak)
rCorr   .          Rampage  .   (no gloves)
Will    .....                   (no boots)
Stlth   +.........              (no amulet)
HPRegen 0.06/turn               (no ring)
MPRegen 0.10/turn               (no ring)

@: no status effects
A: fangs 2, magic shield, antimagic bite, no potion heal 2
a: Renounce Religion, Sea of Fire, Foxfire Swarm, Rising Flame


You were on level 2 of the Dungeon.
You worshipped Ignis.
Ignis was extremely pleased with you.
You visited 1 branch of the dungeon, and saw 2 of its levels.

You collected 47 gold pieces.

Inventory:

Hand Weapons
 a - a -1 mace of flaming (weapon)
Armour
 b - a +0 robe (worn)
Scrolls
 c - a scroll of immolation {unknown}
 d - a scroll of acquirement {unknown}
 e - a scroll of teleportation {unknown}
 h - a scroll of identify {unknown}
 j - a scroll of brand weapon {unknown}
Potions
 f - a potion of resistance {unknown}
 g - a potion of flight {unknown}
 i - a potion of ambrosia {unknown}


   Skills:
 - Level 2.6 Fighting
 - Level 2.6 Maces & Flails
 + Level 2.2 Spellcasting
 + Level 3.6 Fire Magic


You had 4 spell levels left.
You knew the following spells:

 Your Spells              Type           Power      Damage    Failure   Level
a - Scorch                Fire           22%        2d6       8%          2

Your spell library contained the following spells:

 Spells                   Type           Power      Damage    Failure   Level


Dungeon Overview and Level Annotations

Branches:
Dungeon (2/15)

Altars:


Innate Abilities, Weirdness & Mutations

You have extremely sharp teeth.
When hurt, damage is shared between your health and your magic reserves.
Your bite disrupts and absorbs the magic of your enemies.
Potions cannot restore your health.


Message History

Where to? (? - help)
There is a stone staircase leading down here.
You climb downwards.
There is a stone staircase leading up here.
A phantom is nearby!
A phantom is nearby!
Casting: Scorch (safe; 8% risk of failure)
Confirm with . or Enter, or press ? or * to list all spells.
Flames lash the phantom.
The phantom is lightly damaged.
The phantom's fire resistance burns away.
Casting: Scorch (safe; 8% risk of failure)
Confirm with . or Enter, or press ? or * to list all spells.
Flames lash the phantom.
The phantom is burned terribly!
The phantom is moderately damaged.
The phantom hits you.
Casting: Scorch (safe; 8% risk of failure)
Confirm with . or Enter, or press ? or * to list all spells.
Flames lash the phantom.
The phantom is burned terribly!
The phantom is heavily damaged.
The phantom barely misses you.
Casting: Scorch (safe; 8% risk of failure)
Confirm with . or Enter, or press ? or * to list all spells.
You don't have enough magic to cast this spell.
You miss the phantom.
The phantom is heavily damaged.
The phantom is no longer more vulnerable to fire.
The phantom hits you but does no damage.
You hit the phantom but do no damage.
The phantom is heavily damaged.
The phantom hits you.
The phantom blinks!
You blink.
You barely miss the phantom.
The phantom is heavily damaged.
The phantom barely misses you.
You barely miss the phantom.
The phantom is heavily damaged.
The phantom hits you!
The phantom blinks!
You blink.
Found 5 gold pieces.
The phantom barely misses you. The phantom hits you!
You die...

## .. .. . .. .#
#.#. .# .#.#.
####### ....
#..§..# ###..#
#...§.# #..$.#
#.....#
#.@####.....#
##.W........#
#.......#####.#.#
###.###.# #.... #
.. #..... .## .##
.# # .. .#


You could see a phantom.

Vanquished Creatures
  3 bats (D:1)
  7 endoplasms (D:1)
  2 giant cockroaches (D:1)
  A goblin (D:1)
  2 hobgoblins (D:1)
  2 kobolds (D:1)
  2 quokkas (D:1)
  2 ball pythons (D:1)
  A frilled lizard (D:1)
  3 rats (D:1)
25 creatures vanquished.

Notes
Turn   | Place    | Note
-------+----------+-------------------------------------------
     0 | D:1      | miscthings the Vine Stalker Cinder Acolyte began the quest
                  | for the Orb.
     0 | D:1      | Reached XP level 1. HP: 11/11 MP: 3/3
   198 | D:1      | Reached XP level 2. HP: 16/16 MP: 5/5
   208 | D:1      | Learned a level 2 spell: Scorch
   629 | D:1      | Reached XP level 3. HP: 19/19 MP: 4/7
   886 | D:2      | Noticed a phantom
   894 | D:2      | Slain by a phantom

Illustrated notes

Levels and vault maps discovered:
D:1:      onia_arrival_handbag, layout_rooms, minmay_statues_item
D:2:      layout_loops_cross, minmay_misc_feat_tower

Skill      XL: |  1  2 |
---------------+-------+-----
Spellcasting   | 2 |  2.2
Fighting       | |  2.6
Maces & Flails | |  2.6
Fire Magic     | |  3.6

Action                   || total
-------------------------++-------
Melee: Mace              ||    46
       Bite              ||     6
 Cast: Scorch            ||    15
Armor: Robe              ||    12
Dodge: Dodged            ||    31

Table legend: (Time is in decaauts)
 A = Elapsed time spent in this place.
 B = Non-inter-level travel time spent in this place.
 C = Inter-level travel time spent in this place.
 D = Time resting spent in this place.
 E = Time spent auto-exploring this place.
 F = Levels seen in this place.
 G = Mean time per level.
                   A        B        C        D        E       F      G
               +--------+--------+--------+--------+--------+-----+--------+
         Total |    907 |    890 |     17 |    388 |    317 |   2 |  453.5 |
       Dungeon |    907 |    890 |     17 |    388 |    317 |   2 |  453.5 |
               +--------+--------+--------+--------+--------+-----+--------+

Top non-repeatable levels by time:
     D:1: 898 daAuts
     D:2: 8 daAuts
